 Dungeon Crawl Stone Soup version 0.26-a0-597-gb535b0901c (webtiles) character file.

Game seed: 7642888423762491839

16575 Eifo4Ohj9gu9Dob0ohLe the Basher (level 12, -5/76 HPs)
             Began as a Gargoyle Berserker on Aug 25, 2020.
             Was a High Priest of Trog.
             Slain by a wolf spider simulacrum (20 damage)
             ... in an ice cave.
             The game lasted 00:57:37 (10441 turns).

Eifo4Ohj9gu9Dob0ohLe the Basher (GrBe)             Turns: 10441, Time: 00:57:38

Health: -5/76      AC: 26    Str: 23    XL:     12   Next: 38%
Magic:  12/12      EV:  7    Int:  9    God:    Trog [*****.]
Gold:   730        SH: 13    Dex: 11    Spells: 11/11 levels left

rFire    . . .     SeeInvis .   D - +7 demon whip (flame)
rCold    . . .     Faith    .   g - +1 kite shield
rNeg     + . .     Spirit   .   l - +0 plate armour
rPois    ∞         Reflect  .   C - +0 helmet
rElec    +         Harm     .   r - +0 cloak
rCorr    .                      (no gloves)
MR       .....                  e - +0 pair of boots
Stlth    ..........             (no amulet)
HPRegen  0.22/turn              (no ring)
MPRegen  0.13/turn              (no ring)

@: berserk cooldown, slowed, very slow
A: negative energy resistance 1, sense surroundings 1, screaming 1, electricity
resistance, unbreathing, petrification resistance, rot immunity, AC +8
a: Berserk, Trog's Hand, Brothers in Arms, Renounce Religion


You were in an ice cave.
You worshipped Trog.
Trog was extremely pleased with you.
You visited 2 branches of the dungeon, and saw 12 of its levels.
You also visited: Ice Cave.

You collected 730 gold pieces.

Inventory:

Hand Weapons
 a - a +0 mace
 m - a +1 battleaxe
 q - a +4 quarterstaff of chaos
 s - a +0 mace
 v - a +2 flail of protection
 D - a +7 demon whip of flaming (weapon)
 G - a +2 flail
Armour
 b - a +0 animal skin
 e - a +0 pair of boots (worn)
 g - a +1 kite shield (worn)
 i - a +0 leather armour
 l - a +0 plate armour (worn)
 r - a +0 cloak (worn)
 C - a +0 helmet (worn)
Jewellery
 k - an uncursed ring of resist corrosion {unknown}
 o - an uncursed ring of fire
 w - an uncursed ring of protection from magic {unknown}
 y - a +6 ring of dexterity {unknown}
 B - an uncursed ring of fire
 I - an uncursed ring of ice {unknown}
Wands
 p - a wand of random effects (28)
 t - a wand of iceblast (39)
 u - a wand of digging (5)
 H - a wand of polymorph (7)
Scrolls
 h - 6 scrolls of teleportation
 j - 6 scrolls of identify
 n - 2 scrolls of fog
 x - 3 scrolls of remove curse
 z - 2 scrolls of blinking {unknown}
 E - a scroll of enchant armour
 F - a scroll of torment {unknown}
 J - a scroll of magic mapping
Potions
 c - a potion of ambrosia
 d - 2 potions of heal wounds
 f - 2 potions of curing
 A - 2 potions of flight
 K - a potion of lignification


   Skills:
 + Level 9.4 Fighting
 * Level 13.5 Maces & Flails
 + Level 8.4 Armour
 + Level 2.6 Dodging
 + Level 1.3 Stealth
 + Level 10.2 Shields


You had 11 spell levels left.
You didn't know any spells.
Your spell library was empty.

Dungeon Overview and Level Annotations

Branches:
Dungeon (10/15)            Temple (0/1) D:6            Lair (2/6) D:10
    Orc (0/2) D:10          IceCv (1/1)
  Swamp: Lair:2-4    Shoals: Lair:2-4     Snake: Lair:2-4    Spider: Lair:2-4

Altars:
Ashenzari
Cheibriados
Gozag
Uskayaw
The Shining One

Shops:
D:5 *


Innate Abilities, Weirdness & Mutations

You are resistant to torment.
Your stone body is resilient. (AC +8)
You are immune to poison.
You resist negative energy. (rN+)
You are resistant to electric shocks. (rElec)
You can survive without breathing.
You are immune to petrification.
You are immune to rotting.
You passively map a small area around you.
You occasionally shout uncontrollably at your foes.


Message History

The wolf spider simulacrum hits you but does no damage.
The wolf spider simulacrum bites you but does no damage.
You block the swamp dragon simulacrum's attack. x2
The swamp dragon simulacrum barely misses you.
A red film seems to cover your vision as you go berserk!
You feel yourself moving faster!
You feel mighty! The death yak simulacrum gores you.
The death yak simulacrum freezes you!! The wolf spider simulacrum hits you.
The wolf spider simulacrum freezes you!!
* * * LOW HITPOINT WARNING * * *
The wolf spider simulacrum bites you but does no damage.
You feel a strong urge to attack something.
There is an ice choked empty arch of ancient stone here.
You feel your anger nearly subside.
You are no longer berserk.
You are exhausted.
You feel yourself slow down. The wolf spider simulacrum hits you!
* * * LOW HITPOINT WARNING * * *
The wolf spider simulacrum freezes you!!
You die...

* * * ≈ ≈≈ ≈ *
≈ ** ≈ ≈ ≈ ≈≈
≈ *####*≈ *≈
##..##* ** *
##....###* # *
#...Z...##....
#.@ZZZ......#
#..........##
##....##..## ,
##..##*### ,
#### *


You could see a death yak simulacrum, a polar bear simulacrum, a swamp dragon
simulacrum and a wolf spider simulacrum.

Vanquished Creatures
  Erolcha (D:9)
  A two-headed ogre (D:9)
  Urug (Lair:2)
  The ghost of rasy the Quickloader, a novice MiHu of Okawaru (D:7)
  A cyclops (D:7)
  4 cane toads (Lair:1)
  3 komodo dragons
  A troll (D:7)
  8 blink frogs
  4 hippogriffs
  12 yaks
  3 wyverns (D:8)
  A basilisk (D:10)
  Eustachio (D:6)
  A vampire mosquito (D:7)
  Edmund (D:6)
  Menkaure (D:6)
  4 soldier ants (D:9)
  A porcupine (Lair:1)
  5 orc warriors
  3 ice beasts
  3 phantoms
  A sky beast (D:9)
  4 ogres
  3 centaurs
  A necrophage (D:7)
  7 crocodiles
  7 bullfrogs
  A gnoll sergeant (D:9)
  A water moccasin skeleton (D:7)
  2 scorpions
  10 killer bees
  26 wights
  2 howler monkeys (D:8)
  A centaur zombie (D:9)
  2 bullfrog zombies
  A quasit (D:6)
  Crazy Yiuf (D:3)
  3 orc priests
  A centaur skeleton (D:8)
  6 hounds
  A jelly (D:8)
  2 bullfrog skeletons
  6 iguanas
  9 orc wizards
  11 worker ants
  A killer bee zombie (D:10)
  A bullfrog simulacrum (D:7)
  2 hound zombies
  8 gnolls
  17 adders
  5 shadow imps
  6 white imps
  3 ufetubi
  An adder zombie (D:5)
  An adder skeleton (D:5)
  2 worms
  An adder simulacrum (D:7)
  A dart slug (D:1)
  3 leopard geckos
  42 orcs
  A ball python (D:2)
  8 giant cockroaches
  8 goblins
  8 hobgoblins
  4 jackals (D:5)
  4 kobolds (D:1)
  3 quokkas
  8 bats
  4 frilled lizards
  2 quokka skeletons
  8 rats
322 creatures vanquished.

Vanquished Creatures (others)
  A fungus (Lair:2)
  4 plants (Lair:2)
5 creatures vanquished.

Grand Total: 327 creatures vanquished

Notes
Turn   | Place    | Note
-------+----------+-------------------------------------------
     0 | D:1      | Eifo4Ohj9gu9Dob0ohLe the Gargoyle Berserker began the quest
                  | for the Orb.
     0 | D:1      | Reached XP level 1. HP: 14/14 MP: 1/1
   261 | D:1      | Reached XP level 2. HP: 19/19 MP: 2/2
   753 | D:1      | Reached XP level 3. HP: 23/24 MP: 3/3
   829 | D:1      | You fall into a shaft and drop 1 floor!
   850 | D:2      | Reached ** piety under Trog
  1253 | D:2      | Noticed an ogre
  1263 | D:2      | Killed an ogre
  1263 | D:2      | Reached skill level 4 in Maces & Flails
  1263 | D:2      | Reached skill level 1 in Shields
  1263 | D:2      | Reached XP level 4. HP: 11/30 MP: 4/4
  1263 | D:2      | Reached XP level 5. HP: 13/34 MP: 5/5
  1460 | D:2      | Noticed a centaur
  1473 | D:2      | Killed a centaur
  1744 | D:2      | Reached XP level 6. HP: 39/39 MP: 6/6
  2542 | D:3      | Found a runed translucent door.
  2543 | D:3      | Noticed Crazy Yiuf
  2553 | D:3      | Killed Crazy Yiuf
  2615 | D:4      | You fall into a shaft and drop 1 floor!
  2615 | D:5      | Entered Level 5 of the Dungeon
  2616 | D:5      | Noticed a phantom
  2624 | D:5      | Reached skill level 5 in Maces & Flails
  2629 | D:5      | Killed a phantom
  2629 | D:5      | Reached skill level 5 in Fighting
  2652 | D:5      | Reached XP level 7. HP: 22/44 MP: 7/7
  3001 | D:5      | Found Jeniluyl's Assorted Antiques.
  3154 | D:5      | Found a glowing golden altar of the Shining One.
  3425 | D:5      | Found a snail-covered altar of Cheibriados.
  3429 | D:5      | Found an opulent altar of Gozag.
  3685 | D:6      | Reached skill level 6 in Maces & Flails
  3742 | D:6      | Reached *** piety under Trog
  3742 | D:6      | Reached XP level 8. HP: 50/50 MP: 8/8
  3943 | D:6      | Noticed Menkaure
  3952 | D:6      | Killed Menkaure
  4100 | D:6      | Noticed Eustachio
  4489 | D:7      | Found a runed translucent gate.
  4502 | D:7      | Reached skill level 5 in Armour
  4506 | D:7      | Reached skill level 5 in Shields
  4508 | D:7      | Reached skill level 7 in Maces & Flails
  4748 | D:6      | Killed Eustachio
  4824 | D:6      | Noticed Edmund
  4830 | D:6      | Reached XP level 9. HP: 55/55 MP: 9/9
  4841 | D:6      | Killed Edmund
  5193 | D:6      | Found a staircase to the Ecumenical Temple.
  5495 | D:7      | Found a runed translucent gate.
  5587 | D:7      | Reached skill level 8 in Maces & Flails
  5620 | D:7      | Reached **** piety under Trog
  6013 | D:7      | Found a runed translucent gate.
  6030 | D:7      | Noticed rasy's ghost (novice MiHu)
  6046 | D:7      | Killed rasy's ghost
  6059 | D:7      | Reached skill level 9 in Maces & Flails
  6360 | D:7      | Reached XP level 10. HP: 57/60 MP: 10/10
  6435 | D:7      | Noticed a cyclops
  6476 | D:7      | Reached skill level 10 in Maces & Flails
  6489 | D:7      | Killed a cyclops
  7280 | D:8      | Reached skill level 11 in Maces & Flails
  7327 | D:8      | Reached ***** piety under Trog
  8101 | D:8      | Found a shattered altar of Ashenzari.
  8398 | D:9      | Found a hide-covered altar of Uskayaw.
  8398 | D:9      | Noticed Erolcha
  8414 | D:9      | Killed Erolcha
  8414 | D:9      | Reached XP level 11. HP: 61/67 MP: 11/11
  8653 | D:9      | Received a gift from Trog
  8687 | D:9      | Found a runed translucent door.
  8689 | D:9      | Found a runed translucent gate.
  8697 | D:9      | Found the +9 staff of Olgreb {rPois∞}
  8700 | D:9      | Found a runed translucent door.
  8783 | D:9      | Noticed a two-headed ogre
  8806 | D:9      | Killed a two-headed ogre
  8806 | D:9      | Reached skill level 12 in Maces & Flails
  8859 | D:9      | Reached skill level 1 in Stealth
  9031 | D:9      | Found a runed translucent gate.
  9032 | D:9      | Found a runed translucent gate.
  9251 | D:10     | Entered Level 10 of the Dungeon
  9317 | D:10     | Found a staircase to the Orcish Mines.
  9386 | D:10     | Found a staircase to the Lair.
  9419 | Lair:1   | Entered Level 1 of the Lair of Beasts
  9803 | Lair:1   | Reached skill level 13 in Maces & Flails
  9803 | Lair:1   | Reached XP level 12. HP: 64/75 MP: 12/12
  9808 | Lair:1   | Received a gift from Trog
 10030 | Lair:2   | Gained mutation: You occasionally shout uncontrollably at
                  | your foes. [potion of mutation]
 10030 | Lair:2   | Gained mutation: You passively map a small area around you.
                  | [potion of mutation]
 10083 | Lair:2   | Reached skill level 10 in Shields
 10409 | Lair:2   | Found a frozen archway.
 10412 | Lair:2   | Noticed Urug
 10424 | Lair:2   | Killed Urug
 10433 | IceCv    | Entered an ice cave
 10441 | IceCv    | Slain by a wolf spider simulacrum

Illustrated notes

Levels and vault maps discovered:
D:1:      dpeg_arrival_simpleton_c, layout_loops_ring, lexackson_kobold_supper
D:2:      layout_rooms
D:3:      layout_basic, lemuel_round_altar, uniq_crazy_yiuf_cottage
D:4:      layout_basic, serial_shops, shop
D:5:      layout_cave_pools, tso_altar, grunt_temple_overflow_open,
          serial_shops, nicolae_shop_trees
D:6:      layout_cave_pools, minmay_temple_entry_ruins, uniq_eustachio,
          uniq_menkaure, uniq_edmund
D:7:      minmay_chambers_of_sevens, layout_rooms, gammafunk_ghost_icy
D:8:      layout_basic, kennysheep_mini_moat
D:9:      layout_basic, eat_drink_and_be_merry_uskayaw,
          minmay_guarded_unrand_staff_of_olgreb, uniq_erolcha
D:10:     layout_long_grid, david_lair_generic, hiddenorc1_lemuel
Lair:1:   layout_hall_layers, st_stairs_6, infiniplex_staircase_pool_2,
          uniq_erica, uniq_joseph
Lair:2:   layout_cave_pods, portal_ice_cave_entry_pillars_2, special_room
          [special_room_bee], grunt_forest_small_clearings, lemuel_fruit_tree,
          uniq_urug
IceCv:    ice_cave_small_necro

Skill      XL: |  1  2  3  4  5  6  7  8  9 10 11 12 |
---------------+-------------------------------------+-----
Dodging        | 2 |  2.6
Fighting       | 4 5 6 7 8 9 |  9.4
Maces & Flails | 4 5 6 7 9 11 13 | 13.5
Shields        | 1 2 3 5 7 8 9 10 | 10.2
Armour         | 3 4 5 6 7 8 |  8.4
Stealth        | 1 |  1.3

Action                   |  1- 3 |  4- 6 |  7- 9 | 10-12 || total
-------------------------+-------+-------+-------+-------++-------
Melee: Mace              |   138 |   148 |   289 |       ||   575
       Flail             |       |       |   149 |   405 ||   554
       Demon whip        |       |       |       |   343 ||   343
Invok: Berserk           |     1 |     2 |    11 |     7 ||    21
       Trog's Hand       |       |       |       |     1 ||     1
  Use: Potion            |     2 |       |     6 |     7 ||    15
       Scroll            |     4 |     3 |     2 |     4 ||    13
Armor: Animal skin       |    28 |       |       |       ||    28
       Leather armour    |    42 |       |       |       ||    42
       Plate armour      |       |   101 |   523 |   329 ||   953
Dodge: Dodged            |   110 |    27 |   172 |   123 ||   432
Block: Kite shield       |    40 |    57 |   381 |   367 ||   845

Table legend: (Time is in decaauts)
 A = Elapsed time spent in this place.
 B = Non-inter-level travel time spent in this place.
 C = Inter-level travel time spent in this place.
 D = Time resting spent in this place.
 E = Time spent auto-exploring this place.
 F = Levels seen in this place.
 G = Mean time per level.
                   A        B        C        D        E       F      G
               +--------+--------+--------+--------+--------+-----+--------+
         Total |  10502 |  10474 |     28 |   3172 |   2061 |  13 |  807.8 |
       Dungeon |   9558 |   9530 |     28 |   2940 |   2061 |  10 |  955.8 |
          Lair |    937 |    937 |      0 |    232 |      0 |   2 |  468.5 |
      Ice Cave |      6 |      6 |      0 |      0 |      0 |   1 |    6.0 |
               +--------+--------+--------+--------+--------+-----+--------+

Top non-repeatable levels by time:
     D:6: 1474 daAuts
     D:5: 1472 daAuts
     D:7: 1401 daAuts
     D:8: 1338 daAuts
     D:2: 1080 daAuts
     D:9: 1044 daAuts
     D:1: 846 daAuts
     D:3: 761 daAuts
  Lair:1: 507 daAuts
  Lair:2: 430 daAuts
    D:10: 135 daAuts
   IceCv: 6 daAuts
     D:4: 3 daAuts
